 Dungeon Crawl Stone Soup version 0.30-a0-852-g08b95dd62f (webtiles) character file.

Game seed: 11194615947266181673

7 demibob the Grave Robber (level 1, 0/16 HPs)
             Began as a Demonspawn Wanderer on Mar 5, 2023.
             Slain by a giant cockroach (1 damage)
             ... on level 1 of the Dungeon.
             The game lasted 00:00:25 (192 turns).

demibob the Grave Robber (Demonspawn Wanderer)       Turns: 192, Time: 00:00:26

Health: 0/16       AC:  3    Str: 14    XL:     1   Next: 83%
Magic:  3/3        EV: 11    Int: 13    God:
Gold:   15         SH:  0    Dex: 10    Spells: 3/4 levels left

rFire   . . .      SeeInvis .    a - +0 spear
rCold   . . .      Faith    .    (no shield)
rNeg    . . .      Spirit   .    e - +0 leather armour
rPois   .          Reflect  .    (no helmet)
rElec   .          Rampage  .    (no cloak)
rCorr   .                        (no gloves)
Will    .....                    (no boots)
Stlth   +                        (no amulet)
HPRegen 0.22/turn                (no ring)
MPRegen 0.08/turn                (no ring)

@: no status effects
A: no striking features
a: no special abilities


You were on level 1 of the Dungeon.
You visited 1 branch of the dungeon, and saw 1 of its levels.

You collected 15 gold pieces.


   Skills:
 - Level 2.0 Fighting
 + Level 1.8 Polearms
 - Level 1.7 Throwing
 - Level 1.0 Armour
 - Level 2.0 Spellcasting
 - Level 2.1 Necromancy


You had 3 spell levels left.
You knew the following spells:

 Your Spells              Type           Power      Damage    Failure   Level
X - Kiss of Death         Conj/Necr      16%        2d6       21%         1

Your spell library contained the following spells:

 Spells                   Type           Power      Damage    Failure   Level
 Sublimation of Blood     Necr           7%         N/A       19%         2
 Vampiric Draining        Necr           7%         2d6       36%         3

Inventory:

Hand Weapons
 a - a +0 spear (weapon)
 c - a +0 dagger
Missiles
 b - 14 poisoned darts (quivered)
Armour
 e - a +0 leather armour (worn)
Potions
 d - a potion of heal wounds {@q2}

Dungeon Overview and Level Annotations

Branches:
Dungeon (1/15)

Altars:

##....#### .## #....## #
##'########### #.............
#............. #.............
#............. ###.............
.............. #.+.............
.............. #.#.............
.............. #.# ...........
.............. #@# #.........
.............. #B# #.........
...##.....######g#####.........
...##.....##.......B...>.......
...##.....##...................
...........'...................
..........##.............#.....
......#.#.#####################
......#.#.#


You could see a giant cockroach and a hobgoblin.


Message History

* * * LOW HITPOINT WARNING * * *
You hit the giant cockroach.
The giant cockroach is almost dead.
The giant cockroach barely misses you.
The giant cockroach attacks as you move away!
The giant cockroach bites you but does no damage.
You hit the giant cockroach.
The giant cockroach is almost dead.
The giant cockroach bites you.
* * * LOW HITPOINT WARNING * * *
You barely miss the giant cockroach.
The giant cockroach is almost dead.
The giant cockroach bites you.
* * * LOW HITPOINT WARNING * * *
The giant cockroach bites you but does no damage.
You hit the giant cockroach but do no damage.
The giant cockroach is almost dead.
The giant cockroach bites you.
* * * LOW HITPOINT WARNING * * *
You hit the giant cockroach.
You kill the giant cockroach!
You closely miss the giant cockroach. The giant cockroach closely misses you.
You barely miss the giant cockroach. The giant cockroach barely misses you.
You closely miss the giant cockroach. The giant cockroach bites you.
* * * LOW HITPOINT WARNING * * *
The giant cockroach closely misses you.
You hit the giant cockroach.
The giant cockroach is moderately wounded.
The giant cockroach bites you.
You die...

Action                     || total
---------------------------++-------
  Melee: Spear             ||    40
 Armour: Leather armour    ||    17
  Dodge: Dodged            ||    30

Levels and vault maps discovered:
D:1:      evilmike_arrival_crescent, layout_basic, nrook_mini_backslash

Notes
Turn   | Place    | Note
-------+----------+-------------------------------------------
     0 | D:1      | demibob the Demonspawn Wanderer began the quest for the
                  | Orb.
     0 | D:1      | demibob set off with the following items: a +0 spear, 14
                  | poisoned darts, a +0 dagger, a potion of heal wounds {@q2},
                  | a +0 leather armour; and the following spell memorised:
                  | Kiss of Death; and the following spells available to
                  | memorise: Sublimation of Blood, Vampiric Draining.
     0 | D:1      | Reached XP level 1. HP: 16/16 MP: 3/3
   191 | D:1      | HP: 1/16 [giant cockroach (2)]
   192 | D:1      | Slain by a giant cockroach

Vanquished Creatures
  A giant cockroach (D:1)
  2 quokkas (D:1)
  2 ball pythons (D:1)
  A bat (D:1)
  A frilled lizard (D:1)
7 creatures vanquished.

Table legend: (Time is in decaauts)
 A = Elapsed time spent in this place.
 B = Non-inter-level travel time spent in this place.
 C = Inter-level travel time spent in this place.
 D = Time resting spent in this place.
 E = Time spent auto-exploring this place.
 F = Levels seen in this place.
 G = Mean time per level.
                   A        B        C        D        E       F      G
               +--------+--------+--------+--------+--------+-----+--------+
         Total |    192 |    192 |      0 |      0 |    123 |   1 |  192.0 |
       Dungeon |    192 |    192 |      0 |      0 |    123 |   1 |  192.0 |
               +--------+--------+--------+--------+--------+-----+--------+

Top non-repeatable levels by time:
     D:1: 192 daAuts

Table legend:
 A = Non-vault XP
 B = Vault XP
 C = Vault XP percentage of total XP
 D = Non-vault monster count
 E = Vault monster count
 F = Vault count percentage of total count
                 A         B        C        D         E       F
            +---------+---------+-------+---------+---------+-------
      Total |      10 |       0 |   0.0 |       7 |       0 |   0.0
            +---------+---------+-------+---------+---------+-------
        D:1 |      10 |       0 |   0.0 |       7 |       0 |   0.0
            +---------+---------+-------+---------+---------+-------
